 Dungeon Crawl Stone Soup version 0.19.0-16-g73b5abf (webtiles) character file.

172 Pihi the Slasher (level 5, 0/45 HPs)
             Began as a Hill Orc Monk on Nov 10, 2016.
             Slain by a hippogriff (3 damage)
             ... on level 3 of the Dungeon.
             The game lasted 00:04:13 (1818 turns).

Pihi the Slasher (Hill Orc Monk)                    Turns: 1818, Time: 00:04:14

Health: 0/45       AC:  8    Str: 15    XL:     5   Next: 53%
Magic:  0/5        EV: 13    Int: 10    God:
Gold:   101        SH:  0    Dex: 13    Spells: 0 memorised, 4 levels left

rFire  . . .     SeeInvis .     a - +0 falchion
rCold  . . .     Gourm    .     b - +0 robe
rNeg   . . .     Faith    .     (no shield)
rPois  .         Spirit   +     n - +1 helmet
rElec  .         Reflect  .     (no cloak)
rCorr  .         Harm     .     f - +2 pair of gloves
MR     .....                    l - +0 pair of boots
Stlth  ++........               k - amulet of guardian spirit
                                (no ring)
                                (no ring)

@: very slightly contaminated, hasted, very quick
A: no striking features
a: no special abilities


You were on level 3 of the Dungeon.
You were not hungry.

You visited 1 branch of the dungeon, and saw 3 of its levels.
You also visited: Sewer.

You collected 101 gold pieces.

Inventory:

Hand Weapons
 a - a +0 falchion (weapon)
Missiles
 e - 62 stones (quivered)
Armour
 b - a +0 robe (worn)
 f - a +2 pair of gloves (worn)
 l - a +0 pair of boots (worn)
 n - a +1 helmet (worn)
Jewellery
 k - an amulet of guardian spirit (around neck)
Wands
 o - a wand of digging (14/24)
 r - a wand of disintegration (3/24)
Scrolls
 d - a scroll of blinking {unknown}
 g - 2 scrolls of recharging
 h - 2 scrolls of identify {unknown}
 i - a scroll of magic mapping {unknown}
 m - a scroll of remove curse {unknown}
 q - a scroll of enchant weapon {unknown}
 t - a scroll of teleportation {unknown}
Potions
 s - a potion of might {unknown}
Comestibles
 c - 2 bread rations
 j - 4 fruits


   Skills:
 - Level 3.6 Fighting
 * Level 6.6 Long Blades
 - Level 2.4 Dodging
 - Level 1.5 Stealth


You had 4 spell levels left.
You didn't know any spells.

Dungeon Overview and Level Annotations

Branches:
Dungeon (3/15)

Altars:
Gozag
Qazlal


Message History

You hit the hippogriff.
The hippogriff is severely wounded.
The hippogriff closely misses you. The hippogriff pecks you.
* * * LOW HITPOINT WARNING * * *
The hippogriff claws you but does no damage.
You feel yourself speed up. The hippogriff bites you!
* * * LOW HITPOINT WARNING * * *
The hippogriff closely misses you. The hippogriff misses you.
You are very lightly contaminated with residual magic.
You hit the hippogriff.
The hippogriff is severely wounded.
You hit the hippogriff.
The hippogriff is severely wounded.
The hippogriff bites you but does no damage.
The hippogriff pecks you but does no damage.
The hippogriff claws you but does no damage.
You hit the hippogriff.
The hippogriff is almost dead.
The hippogriff bites you.
You die...

#.##.#.#########.#÷#####≈
#.##.#.........#≈#≈#.÷##≈
#.<..#.......###≈#≈###≈#≈
#.####.......###.#≈≈≈≈##.
#.####.....)..##.#######.
#.............###≈≈≈≈≈.≈#
#.####........#.#########
#.# ###........ #.#
#@####... #.# #H# #.# #r#
#......>........
#..##..$........ ###
...#..?.....# #..
#.#.#.#.#.%.### #.#
#.......##.## ##.# ###
##### ## #...


You could see a hippogriff and a rat.

Vanquished Creatures
  A big kobold (Sewer)
  Robin (D:3)
  2 adders (D:3)
  A river rat (D:3)
  An ooze (D:1)
  2 worms (D:3)
  3 dart slugs (D:1)
  6 leopard geckos
  An orc (D:3)
  A giant cockroach (D:3)
  11 goblins
  5 hobgoblins
  7 kobolds
  A quokka (D:3)
  A frilled lizard (D:1)
  4 rats
48 creatures vanquished.

Notes
Turn   | Place    | Note
-------+----------+-------------------------------------------
     0 | D:1      | Pihi the Hill Orc Monk began the quest for the Orb.
     0 | D:1      | Reached XP level 1. HP: 19/19 MP: 1/1
    82 | D:1      | Reached XP level 2. HP: 13/26 MP: 2/2
   156 | D:1      | Reached skill level 4 in Long Blades
   499 | D:1      | Reached XP level 3. HP: 27/31 MP: 3/3
   704 | D:2      | You fall through a shaft!
   843 | D:3      | Reached skill level 5 in Long Blades
   913 | D:3      | Found a glowing drain.
   936 | Sewer    | Entered a sewer
   969 | Sewer    | Noticed a big kobold
  1016 | Sewer    | Killed a big kobold
  1016 | Sewer    | Reached skill level 6 in Long Blades
  1016 | Sewer    | Reached XP level 4. HP: 14/39 MP: 1/4
  1016 | Sewer    | Reached XP level 5. HP: 17/45 MP: 1/5
  1037 | Sewer    | Noticed a big kobold
  1244 | D:3      | Found an opulent altar of Gozag.
  1273 | D:3      | Found a stormy altar of Qazlal.
  1538 | D:3      | Noticed Robin
  1576 | D:3      | Killed Robin
  1580 | D:3      | HP: 2/45 [worm (5)]
  1804 | D:3      | Noticed a hippogriff
  1818 | D:3      | Slain by a hippogriff

Skill      XL: |  1  2  3 |
---------------+----------+-----
Long Blades    | 4 6 |  6.6
Fighting       | |  3.6
Dodging        | |  2.4
Stealth        | |  1.5

Action                   |  1- 3 |  4- 6 || total
-------------------------+-------+-------++-------
Melee: Falchion          |   170 |    70 ||   240
Evoke: Wand              |       |     4 ||     4
  Use: Potion            |     1 |     1 ||     2
       Scroll            |       |     1 ||     1
 Stab: Sleeping          |     2 |       ||     2
  Eat: Chunk             |     1 |     3 ||     4
Armor: Robe              |    31 |    23 ||    54
Dodge: Dodged            |   113 |    78 ||   191
       Rpst.: Falchion   |    34 |    21 ||    55
